Map: Habitation Station LE (Void)

Players

Emil - Winner!

  • Race: Zerg Zerg
  • League: Diamond
  • Spawn Location: 1:00

McMaboul

  • Race: Zerg Zerg
  • League: Diamond
  • Spawn Location: 11:00

VOD

Have the link to the VOD?

Description

Time

  • Played on: Nov. 28, 2016, 9:34 a.m.
  • Length: 9:43
Show
View Real Time Build Order
Export as new Build Order

Emil Zerg - Winner!

Build Orders: Hatch First, Zergling Baneling 

Get SALT Encoding   

  12  0:01  Drone  
  13  0:18  Overlord  
  13  0:29  Drone  
  14  0:37  Drone  
  14  0:38  Drone  
  16  0:46  Drone  
  17  1:00  Drone  
  17  1:01  Hatchery  
  17  1:03  Extractor  
  16  1:17  Spawning Pool  
  14  1:48  Drone  
  14  1:49  Drone x2  
  17  2:08  Metabolic Boost  
  17  2:10  Zergling x2  
  17  2:13  Queen  
  17  2:15  Zergling x4  
  22  2:23  Queen  
  22  2:27  Baneling Nest  
  23  2:30  Zergling x2  
  24  2:40  Zergling x4  
  26  2:45  Overlord  
  26  3:02  Zergling x4  
  26  3:04  Overlord  
  26  3:05  Zergling x2  
  29  3:11  Zergling x2  
  28  3:13  Zergling x2  
  28  3:17  Zergling x2  
  30  3:22  Zergling x2  
  30  3:26  Baneling  
  30  3:27  Baneling  
  24  3:49  Zergling x6  
  24  3:55  Zergling x10  
  27  4:05  Zergling x2  
  27  4:07  Baneling x2  
  28  4:14  Baneling x5  
  27  4:32  Drone x5  
  29  4:47  Drone x2  
  29  4:48  Drone x2  
  32  4:59  Queen  
  33  5:20  Drone  
  33  5:21  Drone x7  
  40  5:27  Queen  
  41  5:33  Baneling x2  
  41  5:37  Zergling x2  
  41  5:38  Zergling x2  
  43  5:45  Evolution Chamber x2  
  43  5:47  Evolution Chamber  
  40  5:57  Roach Warren  
  40  5:59  Baneling x3  
  38  6:08  Baneling x2  
  38  6:09  Baneling x2  
  38  6:11  Zergling x2  
  38  6:12  Zergling x8  
  43  6:29  Overlord  
  43  6:30  Overlord x3  
  42  6:40  Extractor  
  41  6:50  Extractor  
  41  6:52  Baneling  
  40  6:55  Spine Crawler  
  40  6:56  Spine Crawler, Roach  
  40  6:57  Spine Crawler  
  40  7:00  Zergling x2  
  42  7:01  Zergling x4  
  42  7:08  Roach  
  44  7:18  Roach x2  
  44  7:19  Overlord x2, Roach  
  44  7:20  Zergling x2  
  51  7:43  Ravager  
  52  7:56  Drone  
  52  7:57  Drone x10  
  63  8:09  Lair  
  63  8:11  Drone  
  61  8:40  Baneling  
  61  8:44  Overlord  
  61  8:45  Overlord x2  
  61  8:46  Extractor  
  60  8:53  Overlord x4  
  59  9:12  Roach x3  
  59  9:13  Roach x6  
Show
View Real Time Build Order
Export as new Build Order

McMaboul Zerg 

Build Orders: Hatch First, Zergling Baneling 

Get SALT Encoding   

  12  0:00  Drone  
  13  0:11  Drone  
  14  0:17  Overlord  
  14  0:35  Drone x2  
  16  0:36  Drone  
  17  0:46  Drone  
  18  1:02  Drone, Extractor  
  18  1:05  Hatchery  
  17  1:27  Spawning Pool, Drone x2  
  17  1:30  Overlord  
  18  1:39  Drone  
  19  2:19  Queen x2  
  19  2:22  Metabolic Boost  
  23  2:23  Baneling Nest  
  23  2:25  Zergling x4  
  23  2:28  Zergling x2  
  25  2:30  Zergling x2  
  25  2:33  Zergling x2  
  27  2:38  Overlord  
  27  2:44  Zergling x2  
  28  2:47  Zergling x2  
  29  3:00  Zergling x2  
  29  3:01  Zergling x4  
  32  3:18  Zergling x4  
  32  3:19  Baneling x2  
  33  3:20  Baneling x2  
  33  3:23  Baneling x2  
  33  3:27  Zergling x2  
  33  3:28  Zergling x2  
  34  3:45  Zergling x4  
  34  3:46  Zergling x8  
  36  3:58  Zergling x2  
  36  4:02  Zergling x4  
  35  4:11  Baneling  
  35  4:12  Baneling x4  
  35  4:19  Queen, Drone x2  
  30  4:44  Zergling x2, Drone  
  30  4:45  Zergling x12  
  34  4:48  Spine Crawler  
  31  4:55  Queen  
  33  5:01  Zergling x2  
  33  5:02  Zergling x4  
  32  5:15  Baneling  
  32  5:16  Zergling x2  
  32  5:17  Zergling x6  
  36  5:27  Drone  
  37  5:31  Zergling x2  
  37  5:32  Zergling x8  
  42  5:52  Roach Warren  
  42  5:53  Evolution Chamber  
  36  6:19  Zerg Missile Weapons Level 1  
  36  6:20  Overlord x2  
  36  6:21  Overlord  
  36  6:28  Extractor  
  31  6:40  Roach x7  
  43  7:08  Drone  
  43  7:09  Drone x4  
  48  7:20  Ravager x3  
  51  7:24  Ravager  
  52  7:31  Drone  
  53  7:42  Drone x2  
  53  7:57  Drone x3  
  56  8:32  Drone  
  51  8:36  Drone  
  51  8:37  Drone x6  
  58  8:55  Baneling x10  
  58  8:56  Baneling x2  
  55  9:07  Zergling x4  
  55  9:08  Zergling x6  
Tags
 
Add a new tag
Caveats
  • Supply blocks, unpowered buildings, or Contaminate may cause inaccurate times.
  • Supply counts are checked every 10 seconds.